 Dungeon Crawl Stone Soup version 0.30.0-29-ga12c61a403 (webtiles) character file.

Game seed: 6989062135912018606

65 jurchenman the Firebug (level 3, 0/19 HPs)
             Began as a Deep Elf Fire Elementalist on June 5, 2023.
             Slain by Crazy Yiuf
             ... wielding a +4 quarterstaff of chaos
              (19 damage)
             ... on level 3 of the Dungeon.
             The game lasted 00:07:12 (1861 turns).

jurchenman the Firebug (Deep Elf Fire Elementalist) Turns: 1861, Time: 00:07:12

Health: 0/19       AC:  2    Str:  5    XL:     3   Next: 94%
Magic:  8/10       EV: 13    Int: 21    God:
Gold:   191        SH:  0    Dex: 15    Spells: 6/9 levels left

rFire   . . .        i - +0 dagger
rCold   . . .        (no shield)
rNeg    . . .        a - +0 robe
rPois   .            (no helmet)
rElec   .            (no cloak)
rCorr   .            (no gloves)
SInv    .            (no boots)
Will    .....        (no amulet)
Stlth   ++           (no ring)
HPRegen 0.23/turn    (no ring)
MPRegen 0.12/turn

%: no passive effects
@: no status effects
A: no striking features
a: no special abilities


You were on level 3 of the Dungeon.
You visited 1 branch of the dungeon, and saw 3 of its levels.

You collected 191 gold pieces.

Inventory:

Hand Weapons
 i - a +0 dagger (weapon)
Missiles
 f - a throwing net
 h - 21 stones
 k - 2 poisoned darts
Armour
 a - a +0 robe (worn)
Jewellery
 c - an amulet of guardian spirit
Scrolls
 j - 3 scrolls of fear
 m - a scroll of blinking {unknown}
 p - a scroll of teleportation
Potions
 b - a potion of magic
 d - 2 potions of ambrosia {unknown}
 e - a potion of might
 g - 2 potions of mutation {unknown}
 l - 2 potions of curing {unknown}
 n - a potion of degeneration {unknown}
 o - 3 potions of heal wounds
 r - 2 potions of lignification {unknown}


   Skills:
 - Level 2.8 Dodging
 - Level 2.9 Stealth
 + Level 3.9 Spellcasting
 + Level 2.3 Conjurations
 + Level 3.9 Fire Magic


You had 6 spell levels left.
You knew the following spells:

 Your Spells              Type           Power      Damage    Failure   Level
a - Foxfire               Conj/Fire      68%        2x1d7     3%          1
b - Scorch                Fire           40%        2d6       3%          2

Your spell library contained the following spells:

 Spells                   Type           Power      Damage    Failure   Level
 Sting                    Tmut/Pois      16%        1d3       12%         1
 Inner Flame              Hex/Fire       12%        N/A       16%         3
 Volatile Blastmotes      Fire/Tloc      24%        2d12      16%         3
 Poisonous Vapours        Pois/Air       8%         N/A       19%         2
 Flame Wave               Conj/Fire      17%        2d7       32%         4
 Olgreb's Toxic Radiance  Pois           4%         N/A       77%         4


Dungeon Overview and Level Annotations

Branches:
Dungeon (3/15)

Altars:

Annotations:
D:3 Crazy Yiuf, Sigmund


Message History

The ball python hisses angrily.
Your foxfire dissipates!
Casting: Foxfire (safe; 3% risk of failure)
Confirm with . or Enter, or press ? or * to list all spells.
You conjure some foxfire!
Your foxfire dissipates!
The foxfire hits the ball python.
The ball python is moderately wounded.
The foxfire hits the ball python.
You kill the ball python!
You start resting.
Magic restored.
Found a stone staircase leading down.
m - a scroll labelled ZIAWUE ENEMECLE You now have 179 gold pieces (gained 18).
A frilled lizard comes into view.
The frilled lizard hisses angrily.
Casting: Foxfire (safe; 3% risk of failure)
Confirm with . or Enter, or press ? or * to list all spells.
You conjure some foxfire!
You closely miss the frilled lizard.
The foxfire hits the frilled lizard.
You kill the frilled lizard!
You start resting.
Your foxfire dissipates!
You start resting.
Magic restored.
You now have 191 gold pieces (gained 12).
There is a stone staircase leading down here.
Found a hammer.
Found a runed translucent door.
Crazy Yiuf shouts!
You open the door.
Casting: Foxfire (safe; 3% risk of failure)
Confirm with . or Enter, or press ? or * to list all spells.
Flames lash Crazy Yiuf.
Crazy Yiuf is moderately wounded.
Crazy Yiuf's fire resistance burns away.
Crazy Yiuf laughs, "Lugonu!
Rifle cower hand."
Crazy Yiuf hits you with a +4 quarterstaff of chaos!!
Ouch! That really hurt!
You die...

#....######.........
#....# ###.........
♣....♣ #.......†###
♣...♣♣ ###......###
♣♣.♣♣ #.#.........
♣.♣♣ #...........
♣♣.♣ ##.......##.
♣.♣♣ ##......#..
♣♣@♣ #......<.. #g#
#########... ...
#.....##.... #...#
#........... #..)#
#.....####.. #####
#.....# #... #.....#
#... #.#.#####...
#...........


You could see Crazy Yiuf (combustible).

Vanquished Creatures
  2 adders (D:2)
  An orc (D:3)
  3 ball pythons
  7 endoplasms
  2 giant cockroaches (D:1)
  3 goblins
  3 hobgoblins
  4 jackals (D:1)
  4 kobolds
  A quokka (D:3)
  5 bats
  2 frilled lizards (D:3)
  5 rats
42 creatures vanquished.

Vanquished Creatures (others)
  95 foxfires
95 creatures vanquished.

Grand Total: 137 creatures vanquished

Notes
Turn   | Place    | Note
-------+----------+-------------------------------------------
     0 | D:1      | jurchenman the Deep Elf Fire Elementalist began the quest
                  | for the Orb.
     0 | D:1      | Reached XP level 1. HP: 10/10 MP: 6/6
   191 | D:1      | Reached XP level 2. HP: 13/15 MP: 6/8
   194 | D:1      | Learned a level 2 spell: Scorch
   948 | D:2      | Reached XP level 3. HP: 19/19 MP: 6/9
  1517 | D:3      | Noticed Sigmund
  1856 | D:3      | Found a runed translucent door.
  1857 | D:3      | Noticed Crazy Yiuf
  1861 | D:3      | Slain by Crazy Yiuf

Illustrated notes

Levels and vault maps discovered:
D:1:      lordsloth_arrival_two_stooges, layout_basic, grunt_decor_mini_mirrors
D:2:      layout_basic
D:3:      layout_rooms, kennysheep_generic_room_13, uniq_crazy_yiuf_cottage,
          uniq_sigmund

Skill      XL: |  1  2  3 |
---------------+----------+-----
Conjurations   | 2 |  2.3
Dodging        | |  2.8
Stealth        | |  2.9
Spellcasting   | |  3.9
Fire Magic     | |  3.9

Action                     || total
---------------------------++-------
  Melee: Dagger            ||    18
   Cast: Foxfire           ||    52
         Scorch            ||     5
    Use: Scroll            ||     8
   Stab: Sleeping          ||     2
 Armour: Robe              ||     4
  Dodge: Dodged            ||    12
